[Event "45th FIDE Olympiad 2024"]
[Site "Budapest"]
[Date "2024.09.12"]
[Round "2.233"]
[White "Stratonowitsch, Andre"]
[Black "Christie, Joshua"]
[Result "1/2-1/2"]
[ECO "C96"]
[WhiteElo "2154"]
[BlackElo "2271"]
[Annotator "ChessBase"]
[PlyCount "91"]
[EventDate "2024.09.05"]
[EventType "team-tourn"]
[EventCountry "HUN"]
[SourceTitle "playchess.com"]
[Source "ChessBase"]
[SourceQuality "1"]
[WhiteTeam "Seychelles"]
[BlackTeam "Jamaica"]
[WhiteTeamCountry "SEY"]
[BlackTeamCountry "JAM"]
[TimeControl "40/5400+30:1800+30"]

1. e4 e5 2. Nf3 Nc6 3. Bb5 a6 4. Ba4 Nf6 5. O-O Be7 6. Re1 b5 7. Bb3 d6 8. c3 O-O 9. h3 Na5 10. Bc2 c5 11. d4 Nd7 12. Nbd2 exd4 13. cxd4 Nc6 14. Nf1 cxd4 15. Nxd4 Nxd4 16. Qxd4 Ne5 17. Qd1 Bf6 18. Ne3 Be6 19. Bb3 Nc4 20. Bxc4 bxc4 21. Qc2 Rb8 22. Rd1 Qc7 23. Rb1 Qa5 24. a3 Qc7 25. Bd2 a5 26. Bc3 Be5 27. Rbc1 Rfc8 28. Nd5 Qa7 29. Rd2 h6 30. Bxe5 dxe5 31. Qa4 Qc5 32. Rc3 Rb3 33. Rxb3 cxb3 34. Qxb3 Kh7 35. Qc3 Qxc3 36. Nxc3 Kg6 37. f3 h5 38. h4 Kf6 39. Kf2 Bc4 40. Ke3 Rb8 41. g3 g5 42. hxg5+ Kxg5 43. Rg2 Rd8 44. Rd2 Rb8 45. Rg2 Rb7 46. Rh2 1/2-1/2

[Event "45th FIDE Olympiad 2024"]
[Site "Budapest"]
[Date "2024.09.12"]
[Round "2.234"]
[White "Glaves, Raheem"]
[Black "Meier, Peter"]
[Result "1-0"]
[ECO "A07"]
[WhiteElo "2094"]
[BlackElo "2062"]
[Annotator "NA"]
[PlyCount "127"]
[EventDate "2024.09.05"]
[EventType "team-tourn"]
[EventCountry "HUN"]
[SourceTitle "playchess.com"]
[Source "ChessBase"]
[SourceQuality "1"]
[WhiteTeam "Jamaica"]
[BlackTeam "Seychelles"]
[WhiteTeamCountry "JAM"]
[BlackTeamCountry "SEY"]
[TimeControl "40/5400+30:1800+30"]

1. c4 Nf6 2. g3 e6 3. Bg2 d5 4. Nf3 Be7 5. O-O O-O 6. Qc2 Nc6 7. a3 dxc4 8. Qxc4 e5 9. d3 Be6 10. Qc2 Qd7 11. b4 Bh3 12. Bb2 Bxg2 13. Kxg2 Nd4 14. Bxd4 exd4 15. Nbd2 b6 16. Nb3 c5 17. bxc5 bxc5 18. Na5 Nd5 19. h3 h5 20. h4 Rfe8 21. Qd2 Rab8 22. Nc4 Bf6 23. Rfe1 Re6 24. Rac1 Rbe8 25. Rc2 g6 26. Kh2 Qe7 27. Qa5 Nc3 28. e4 dxe3 29. Nxe3 Qb7 30. Nd2 Bd4 31. Rxc3 Ra6 32. Rb3 Qxb3 33. Nxb3 Rxa5 34. Nxa5 Bc3 35. Rc1 Bxa5 36. Nd5 Re2 37. Kg2 Ra2 38. Rxc5 Be1 39. Nf6+ Kg7 40. Ne4 Rxa3 41. Rc7 Rxd3 42. Ng5 a5 43. Rxf7+ Kg8 44. Ra7 Bc3 45. Ra6 Kg7 46. Ne6+ Kf7 47. Nf4 Rd2 48. Nxg6 Ra2 49. Nf4 Bd4 50. Nxh5 Rxf2+ 51. Kh3 Ra2 52. g4 Ra3+ 53. Kg2 a4 54. g5 Ra2+ 55. Kh3 Ra3+ 56. Kg4 Ra1 57. g6+ Ke7 58. Ng3 Rg1 59. Kf3 Be5 60. Nf5+ Kd7 61. h5 Rh1 62. h6 a3 63. g7 Bxg7 64. hxg7 1-0

[Event "45th FIDE Olympiad 2024"]
[Site "Budapest"]
[Date "2024.09.12"]
[Round "2.235"]
[White "Bonne, Robin"]
[Black "Shaw, Jaden"]
[Result "0-1"]
[ECO "D00"]
[WhiteElo "1707"]
[BlackElo "2051"]
[Annotator "NA"]
[PlyCount "110"]
[EventDate "2024.09.05"]
[EventType "team-tourn"]
[EventCountry "HUN"]
[SourceTitle "playchess.com"]
[Source "ChessBase"]
[SourceQuality "1"]
[WhiteTeam "Seychelles"]
[BlackTeam "Jamaica"]
[WhiteTeamCountry "SEY"]
[BlackTeamCountry "JAM"]
[TimeControl "40/5400+30:1800+30"]

1. d4 Nf6 2. Bf4 d5 3. e3 c5 4. c3 Nc6 5. Nd2 cxd4 6. exd4 Bg4 7. Be2 Bxe2 8. Nxe2 e6 9. h3 Bd6 10. Qc2 O-O 11. g4 Bxf4 12. Nxf4 Qd6 13. Ne2 b5 14. a3 a5 15. a4 b4 16. b3 bxc3 17. Qxc3 Nb4 18. O-O Rac8 19. Qf3 Rc2 20. Rfd1 Qa6 21. Nf4 Rfc8 22. g5 Ne8 23. h4 R2c3 24. Qg2 Nc2 25. Rab1 Nxd4 26. h5 Ne2+ 27. Nxe2 Qxe2 28. f3 Qe3+ 29. Kh1 Rd3 30. Qg1 Qe2 31. Rb2 Qe5 32. Rbb1 Qf5 33. Rb2 Qf4 34. Qg4 Qe5 35. Rbb1 Qe2 36. Qg2 Qxg2+ 37. Kxg2 Rc2 38. Kg3 Rdxd2 39. Rxd2 Rxd2 40. b4 axb4 41. Rxb4 Ra2 42. Rb8 Kf8 43. Rb4 Ke7 44. Rb7+ Kd6 45. Rxf7 Rxa4 46. h6 gxh6 47. gxh6 Ra8 48. Rxh7 Nf6 49. Rf7 Ke5 50. f4+ Kf5 51. Rg7 Nh5+ 52. Kh4 Nxg7 53. hxg7 Rg8 54. Kh5 Rxg7 55. Kh6 Rg6+ 0-1

[Event "45th FIDE Olympiad 2024"]
[Site "Budapest"]
[Date "2024.09.12"]
[Round "2.236"]
[White "McKennis, Darren"]
[Black "Pillay, Ragul"]
[Result "1-0"]
[ECO "C01"]
[WhiteElo "1905"]
[BlackElo "1633"]
[Annotator "NA"]
[PlyCount "61"]
[EventDate "2024.09.05"]
[EventType "team-tourn"]
[EventCountry "HUN"]
[SourceTitle "playchess.com"]
[Source "ChessBase"]
[SourceQuality "1"]
[WhiteTeam "Jamaica"]
[BlackTeam "Seychelles"]
[WhiteTeamCountry "JAM"]
[BlackTeamCountry "SEY"]
[TimeControl "40/5400+30:1800+30"]

1. Nf3 Nc6 2. d4 e6 3. e4 Nf6 4. Nbd2 b6 5. c3 Bb7 6. Bd3 Be7 7. Qc2 d6 8. O-O Qd7 9. a4 a6 10. b4 Na7 11. c4 d5 12. Ne5 Qd8 13. exd5 exd5 14. c5 bxc5 15. dxc5 Nc6 16. Nxc6 Bxc6 17. Nb3 O-O 18. Nd4 Bd7 19. h3 Qc8 20. Nf5 Bxf5 21. Bxf5 Qb7 22. Rb1 Rad8 23. b5 axb5 24. axb5 Qa7 25. b6 cxb6 26. cxb6 Qb8 27. Qc7 Bd6 28. Qxb8 Rxb8 29. b7 Rfd8 30. Be3 Nd7 31. Ba7 1-0

[Event "45th FIDE Olympiad 2024"]
[Site "Budapest"]
[Date "2024.09.12"]
[Round "2.237"]
[White "Espinoza Solano, Jose Nahum"]
[Black "Gontcharov, Serguei"]
[Result "1-0"]
[ECO "B41"]
[WhiteElo "2156"]
[BlackElo "1927"]
[Annotator "ChessBase"]
[PlyCount "113"]
[EventDate "2024.09.05"]
[EventType "team-tourn"]
[EventCountry "HUN"]
[SourceTitle "playchess.com"]
[Source "ChessBase"]
[SourceQuality "1"]
[WhiteTeam "Nicaragua"]
[BlackTeam "Bermuda"]
[WhiteTeamCountry "NCA"]
[BlackTeamCountry "BER"]
[TimeControl "40/5400+30:1800+30"]

1. e4 c5 2. Nf3 e6 3. d4 cxd4 4. Nxd4 a6 5. c4 Nf6 6. Nc3 Bb4 7. Nc2 Bxc3+ 8. bxc3 d5 9. cxd5 exd5 10. exd5 Qxd5 11. Qxd5 Nxd5 12. c4 Ne7 13. Ba3 Nbc6 14. Be2 O-O 15. O-O Re8 16. Rfd1 Be6 17. Ne3 Rad8 18. Bf3 Rxd1+ 19. Rxd1 Ng6 20. Bd5 Nf4 21. g3 Ng6 22. Rb1 Bc8 23. Bd6 Nge5 24. Bxe5 Rxe5 25. Bxc6 bxc6 26. Rb6 Re6 27. Rb8 Re8 28. Nf5 Bd7 29. Rxe8+ Bxe8 30. c5 Bd7 31. Nd6 Be6 32. a3 Kf8 33. f4 g6 34. Kf2 Ke7 35. Kf3 h5 36. Ke4 f6 37. f5 Bd5+ 38. Kf4 g5+ 39. Ke3 Kd7 40. h4 g4 41. Kd4 a5 42. Nb7 a4 43. Nd6 Ba2 44. Kc3 Bb3 45. Ne4 Ke7 46. Nd2 Bd1 47. Nc4 Kd8 48. Ne3 Bb3 49. Ng2 Bd5 50. Nf4 Be4 51. Nxh5 Bxf5 52. Nxf6 Ke7 53. Nh5 Be4 54. Kd4 Bg6 55. Nf4 Bc2 56. Ke5 Bb1 57. Ng2 1-0

[Event "45th FIDE Olympiad 2024"]
[Site "Budapest"]
[Date "2024.09.12"]
[Round "2.238"]
[White "Dacres, Don"]
[Black "Rocha, Maximiliano"]
[Result "0-1"]
[ECO "D02"]
[WhiteElo "1863"]
[BlackElo "2156"]
[Annotator "NA"]
[PlyCount "58"]
[EventDate "2024.09.05"]
[EventType "team-tourn"]
[EventCountry "HUN"]
[SourceTitle "playchess.com"]
[Source "ChessBase"]
[SourceQuality "1"]
[WhiteTeam "Bermuda"]
[BlackTeam "Nicaragua"]
[WhiteTeamCountry "BER"]
[BlackTeamCountry "NCA"]
[TimeControl "40/5400+30:1800+30"]

1. d4 Nf6 2. Bf4 d5 3. e3 c5 4. c3 Nc6 5. Nf3 Qb6 6. Qc2 Bg4 7. Nbd2 e6 8. Be2 Be7 9. O-O O-O 10. h3 Bh5 11. g4 Bg6 12. Qc1 Rac8 13. Ne5 cxd4 14. Nxc6 bxc6 15. exd4 Nd7 16. b4 f6 17. Nf3 Rce8 18. a4 Qd8 19. a5 e5 20. dxe5 fxe5 21. Nxe5 Nxe5 22. Be3 Nc4 23. Bxc4 dxc4 24. Bxa7 Bd3 25. Re1 Bd6 26. Bb6 Qh4 27. Kg2 Be2 28. Rxe2 Rxe2 29. Qf1 Qg3+ 0-1

[Event "45th FIDE Olympiad 2024"]
[Site "Budapest"]
[Date "2024.09.12"]
[Round "2.239"]
[White "Sanchez, Steven"]
[Black "Lill, Sami"]
[Result "1-0"]
[ECO "D02"]
[WhiteElo "2072"]
[BlackElo "1902"]
[Annotator "NA"]
[PlyCount "103"]
[EventDate "2024.09.05"]
[EventType "team-tourn"]
[EventCountry "HUN"]
[SourceTitle "playchess.com"]
[Source "ChessBase"]
[SourceQuality "1"]
[WhiteTeam "Nicaragua"]
[BlackTeam "Bermuda"]
[WhiteTeamCountry "NCA"]
[BlackTeamCountry "BER"]
[TimeControl "40/5400+30:1800+30"]

1. Nf3 d5 2. d4 Nf6 3. Bf4 Nc6 4. e3 Bg4 5. c4 e6 6. c5 Nh5 7. Bb5 Nxf4 8. Bxc6+ bxc6 9. exf4 Bxf3 10. Qxf3 Qf6 11. Qe3 Rb8 12. Nd2 Rb4 13. Nf3 Bxc5 14. Qa3 Rc4 15. dxc5 Re4+ 16. Kf1 Qxf4 17. g3 Qf6 18. Kg2 Kd7 19. Rhe1 Rb8 20. Rxe4 dxe4 21. Rd1+ Ke8 22. Nd2 Qxb2 23. Qxa7 Qb7 24. Qxb7 Rxb7 25. Nxe4 Rb4 26. Kf3 Ra4 27. Rd2 h6 28. Ke3 f5 29. Nc3 Rc4 30. Kd3 Rxc5 31. a4 Ke7 32. Ra2 Ra5 33. Kc4 Kd6 34. Rd2+ Ke7 35. Kb4 Ra8 36. Kc5 Ra6 37. f4 g5 38. Rd4 Ra5+ 39. Kxc6 Kf6 40. Rd7 h5 41. Rxc7 gxf4 42. gxf4 e5 43. Nd5+ Kg6 44. fxe5 Rxa4 45. e6 f4 46. Rf7 Kg5 47. Rxf4 Ra6+ 48. Kd7 Ra7+ 49. Kd6 Ra6+ 50. Ke5 Ra5 51. h4+ Kh6 52. e7 1-0

[Event "45th FIDE Olympiad 2024"]
[Site "Budapest"]
[Date "2024.09.12"]
[Round "2.240"]
[White "Dennis, Nathan"]
[Black "Ortiz, Marcos"]
[Result "0-1"]
[ECO "A53"]
[WhiteElo "1828"]
[BlackElo "2191"]
[Annotator "ChessBase"]
[PlyCount "74"]
[EventDate "2024.09.05"]
[EventType "team-tourn"]
[EventCountry "HUN"]
[SourceTitle "playchess.com"]
[Source "ChessBase"]
[SourceQuality "1"]
[WhiteTeam "Bermuda"]
[BlackTeam "Nicaragua"]
[WhiteTeamCountry "BER"]
[BlackTeamCountry "NCA"]
[TimeControl "40/5400+30:1800+30"]

1. d4 Nf6 2. Bf4 d6 3. Nf3 Nbd7 4. c4 c5 5. d5 b5 6. Qc2 Qa5+ 7. Nbd2 Nh5 8. Bg5 h6 9. Bh4 g5 10. Bg3 Bg7 11. e4 Rb8 12. cxb5 a6 13. Be2 Nxg3 14. hxg3 axb5 15. O-O Nb6 16. Rab1 c4 17. a3 O-O 18. Nh2 f5 19. f3 e6 20. dxe6 Bxe6 21. Rbd1 d5 22. Qb1 d4 23. Rfe1 d3 24. Bf1 Na4 25. exf5 Bxf5 26. Ne4 Nxb2 27. Rd2 Qxa3 28. Qa1 Qxa1 29. Rxa1 Bxe4 30. fxe4 Bc3 31. Rf2 Bd4 32. Ng4 Rxf2 33. Nxf2 Rf8 34. Kh2 Rxf2 35. Kh3 d2 36. Ra8+ Rf8 37. Ra1 d1=R 0-1

[Event "45th FIDE Olympiad 2024"]
[Site "Budapest"]
[Date "2024.09.12"]
[Round "2.241"]
[White "Than, Min Hlaing"]
[Black "Barbaria, Yacine"]
[Result "1/2-1/2"]
[ECO "D43"]
[WhiteElo "2121"]
[BlackElo "2179"]
[Annotator "ChessBase"]
[PlyCount "104"]
[EventDate "2024.09.05"]
[EventType "team-tourn"]
[EventCountry "HUN"]
[SourceTitle "playchess.com"]
[Source "ChessBase"]
[SourceQuality "1"]
[WhiteTeam "Myanmar"]
[BlackTeam "Tunisia"]
[WhiteTeamCountry "MYA"]
[BlackTeamCountry "TUN"]
[TimeControl "40/5400+30:1800+30"]

1. Nf3 Nf6 2. c4 e6 3. d4 d5 4. Nc3 c6 5. Bg5 h6 6. Bxf6 Qxf6 7. e3 Nd7 8. Bd3 g6 9. O-O Bg7 10. Qe2 O-O 11. Rab1 Re8 12. e4 dxc4 13. Bxc4 e5 14. dxe5 Nxe5 15. Nxe5 Qxe5 16. f4 Qc5+ 17. Kh1 b5 18. Bb3 Bxc3 19. bxc3 Bf5 20. e5 Bxb1 21. e6 fxe6 22. Rxb1 Kg7 23. Bc2 Rad8 24. h3 Re7 25. Rf1 Qc4 26. Qe5+ Kh7 27. Rf3 Rg7 28. Bb3 Rd5 29. Bxc4 Rxe5 30. fxe5 bxc4 31. Rf4 Rc7 32. Rxc4 g5 33. Kg1 Kg6 34. g4 Kf7 35. Kf2 Ke7 36. Ke3 c5 37. Ra4 Rd7 38. Ra5 c4 39. Ke4 Rd3 40. Rxa7+ Kd8 41. Rh7 Rxc3 42. Rxh6 Kd7 43. Kd4 Rd3+ 44. Kxc4 Rd5 45. Rh7+ Kc6 46. h4 Rxe5 47. Kd4 Ra5 48. hxg5 Rxg5 49. Rh4 Ra5 50. Rh2 Ra4+ 51. Ke5 Rxg4 52. Kxe6 Kb5 1/2-1/2

[Event "45th FIDE Olympiad 2024"]
[Site "Budapest"]
[Date "2024.09.12"]
[Round "2.242"]
[White "Meftahi, Houssem"]
[Black "Kyaw, Zay Ya"]
[Result "0-1"]
[ECO "B01"]
[WhiteElo "2112"]
[BlackElo "1818"]
[Annotator "NA"]
[PlyCount "134"]
[EventDate "2024.09.05"]
[EventType "team-tourn"]
[EventCountry "HUN"]
[SourceTitle "playchess.com"]
[Source "ChessBase"]
[SourceQuality "1"]
[WhiteTeam "Tunisia"]
[BlackTeam "Myanmar"]
[WhiteTeamCountry "TUN"]
[BlackTeamCountry "MYA"]
[TimeControl "40/5400+30:1800+30"]

1. e4 d5 2. exd5 Qxd5 3. Nc3 Qa5 4. d4 c6 5. Nf3 Bg4 6. Be2 Nf6 7. O-O Nbd7 8. Ne5 Bxe2 9. Qxe2 e6 10. Re1 Nxe5 11. dxe5 Nd7 12. a3 Be7 13. Qg4 Nxe5 14. Qxg7 Ng6 15. Re4 Rd8 16. Be3 b6 17. Ra4 Qf5 18. Rf4 Bf8 19. Qxh8 Nxh8 20. Rxf5 exf5 21. Re1 Kd7 22. g3 Ng6 23. f4 Bg7 24. Rd1+ Kc7 25. Rxd8 Kxd8 26. Nd1 Kc7 27. Kf2 a5 28. Ke2 a4 29. Kd3 c5 30. Bd2 Bd4 31. Bc3 Bg1 32. Ke2 Kc6 33. Bd2 Bd4 34. c3 Bf6 35. c4 b5 36. Kd3 Bd4 37. Bc3 Bg1 38. h3 h5 39. h4 Ne7 40. Be1 Bd4 41. Bf2 Bf6 42. Be3 Nc8 43. cxb5+ Kxb5 44. Kc2 Nd6 45. Bf2 Ne4 46. Be1 Bd4 47. Kd3 Bg1 48. Nc3+ Nxc3 49. Kxc3 Bd4+ 50. Kc2 Kc4 51. Bc3 Bf2 52. Bf6 Bxg3 53. Bg5 Bh2 54. Bh6 Bg1 55. Bf8 Bd4 56. Be7 Kd5 57. b3 axb3+ 58. Kxb3 c4+ 59. Kc2 Ke4 60. Bg5 f6 61. Bh6 Kf3 62. a4 Kg4 63. a5 Kxh4 64. a6 Kg4 65. Bg7 h4 66. Bxf6 Ba7 67. Kc3 h3 0-1

[Event "45th FIDE Olympiad 2024"]
[Site "Budapest"]
[Date "2024.09.12"]
[Round "2.243"]
[White "Zaw, Ye Htut"]
[Black "Taieb, Sahbi"]
[Result "0-1"]
[ECO "B48"]
[WhiteElo "1815"]
[BlackElo "2118"]
[Annotator "NA"]
[PlyCount "112"]
[EventDate "2024.09.05"]
[EventType "team-tourn"]
[EventCountry "HUN"]
[SourceTitle "playchess.com"]
[Source "ChessBase"]
[SourceQuality "1"]
[WhiteTeam "Myanmar"]
[BlackTeam "Tunisia"]
[WhiteTeamCountry "MYA"]
[BlackTeamCountry "TUN"]
[TimeControl "40/5400+30:1800+30"]

1. e4 c5 2. Nf3 e6 3. d4 cxd4 4. Nxd4 Nc6 5. Nc3 Qc7 6. Be3 a6 7. a3 b5 8. Be2 Bb7 9. Nb3 Ne5 10. O-O Nf6 11. Qd4 Neg4 12. f4 Nxe3 13. Qxe3 h5 14. Rfe1 Be7 15. h3 h4 16. e5 Nh5 17. Bf3 Ng3 18. Bxb7 Qxb7 19. Rad1 Rh6 20. Ne4 Rg6 21. Rd2 Rc8 22. Nbc5 Qc6 23. b4 a5 24. Nd6+ Bxd6 25. Rxd6 Qa8 26. Ra6 Qd5 27. Qd3 Qxd3 28. cxd3 axb4 29. axb4 Nf5 30. Kf2 Ne7 31. Re4 f5 32. exf6 Rxf6 33. Ra7 Nd5 34. Nxd7 Rxf4+ 35. Rxf4 Nxf4 36. Nc5 Rd8 37. Ke3 g5 38. Ke4 Nxg2 39. Ke5 Nf4 40. Kf6 Nd5+ 41. Kxe6 Nf4+ 42. Kf6 Nd5+ 43. Kxg5 Nxb4 44. Kf6 Nc6 45. Rh7 Rd6+ 46. Ne6 b4 47. Rb7 Rxe6+ 48. Kxe6 Nd8+ 49. Kd5 Nxb7 50. Kc4 Nc5 51. d4 Ne4 52. Kxb4 Ng5 53. Kc3 Nxh3 54. Kd3 Nf4+ 55. Ke3 h3 56. Kxf4 h2 0-1

[Event "45th FIDE Olympiad 2024"]
[Site "Budapest"]
[Date "2024.09.12"]
[Round "2.244"]
[White "Amdouni, Zoubaier"]
[Black "Linn, Phone Myat"]
[Result "1/2-1/2"]
[ECO "B86"]
[WhiteElo "2151"]
[BlackElo "1763"]
[Annotator "ChessBase"]
[PlyCount "51"]
[EventDate "2024.09.05"]
[EventType "team-tourn"]
[EventCountry "HUN"]
[SourceTitle "playchess.com"]
[Source "ChessBase"]
[SourceQuality "1"]
[WhiteTeam "Tunisia"]
[BlackTeam "Myanmar"]
[WhiteTeamCountry "TUN"]
[BlackTeamCountry "MYA"]
[TimeControl "40/5400+30:1800+30"]

1. e4 c5 2. Nf3 d6 3. d4 cxd4 4. Nxd4 Nf6 5. Nc3 a6 6. Bc4 e6 7. Bb3 Nbd7 8. Bg5 Nc5 9. Qf3 Be7 10. O-O-O Qc7 11. Rhe1 O-O 12. Kb1 b5 13. Nf5 exf5 14. Bxf6 Bxf6 15. Nd5 Qd8 16. Nxf6+ gxf6 17. exf5 Ra7 18. Re3 Re8 19. Qg3+ Kh8 20. Qxd6 Rd7 21. Rxe8+ Qxe8 22. Qxf6+ Kg8 23. Qg5+ Kh8 24. Qf6+ Kg8 25. Qg5+ Kh8 26. Qf6+ 1/2-1/2

[Event "45th FIDE Olympiad 2024"]
[Site "Budapest"]
[Date "2024.09.12"]
[Round "2.245"]
[White "Juarez Flores, Carlos A."]
[Black "Al-Hajiri, Bader"]
[Result "1/2-1/2"]
[ECO "C49"]
[WhiteElo "2308"]
[BlackElo "1947"]
[Annotator "ChessBase"]
[PlyCount "147"]
[EventDate "2024.09.05"]
[EventType "team-tourn"]
[EventCountry "HUN"]
[SourceTitle "playchess.com"]
[Source "ChessBase"]
[SourceQuality "1"]
[WhiteTeam "Guatemala"]
[BlackTeam "Kuwait"]
[WhiteTeamCountry "GUA"]
[BlackTeamCountry "KUW"]
[TimeControl "40/5400+30:1800+30"]

1. e4 e5 2. Nf3 Nc6 3. Nc3 Nf6 4. Bb5 Bb4 5. O-O O-O 6. d3 d6 7. Ne2 Ne7 8. Ng3 Ng6 9. c3 Ba5 10. d4 exd4 11. Nxd4 c6 12. Bd3 Bb6 13. Bc2 d5 14. exd5 Qxd5 15. Bb3 Qd8 16. h3 Nd5 17. Qf3 Bxd4 18. cxd4 Be6 19. Rd1 f5 20. Re1 Nh4 21. Qh5 f4 22. Rxe6 fxg3 23. fxg3 Nf5 24. Bf4 Nxf4 25. Re8+ Kh8 26. Rxf8+ Qxf8 27. gxf4 Nxd4 28. Bf7 Qd6 29. Qe5 Qxe5 30. fxe5 g6 31. e6 Kg7 32. Rf1 Nf5 33. Rd1 Kf6 34. Rd7 Rb8 35. g4 Nh6 36. Kf2 Nxf7 37. exf7 Ke6 38. Rc7 Rf8 39. Rxb7 Rxf7+ 40. Rxf7 Kxf7 41. Ke3 Ke6 42. Kd4 Kf6 43. h4 h5 44. gxh5 gxh5 45. Ke4 a5 46. a4 Ke6 47. Kf4 Kf6 48. Ke4 Ke6 49. Kd4 Kd6 50. Kc4 Kc7 51. Kc5 Kb7 52. Kd6 Kb6 53. b3 Kb7 54. Kd7 Kb6 55. Ke6 Kc5 56. Kd7 Kb6 57. Kd6 Kb7 58. Kc5 Kc7 59. b4 axb4 60. Kxb4 Kb6 61. Kc4 Ka5 62. Kc5 Kxa4 63. Kxc6 Kb4 64. Kd5 Kb5 65. Ke5 Kc5 66. Kf5 Kd5 67. Kg5 Ke5 68. Kxh5 Kf5 69. Kh6 Kf6 70. Kh7 Kf7 71. h5 Kf8 72. Kg6 Kg8 73. h6 Kh8 74. h7 1/2-1/2

[Event "45th FIDE Olympiad 2024"]
[Site "Budapest"]
[Date "2024.09.12"]
[Round "2.246"]
[White "Al Ibrahim, Abdulrahman"]
[Black "Giron Chavez, David Emanuel"]
[Result "0-1"]
[ECO "B22"]
[WhiteElo "1932"]
[BlackElo "2065"]
[Annotator "NA"]
[PlyCount "54"]
[EventDate "2024.09.05"]
[EventType "team-tourn"]
[EventCountry "HUN"]
[SourceTitle "playchess.com"]
[Source "ChessBase"]
[SourceQuality "1"]
[WhiteTeam "Kuwait"]
[BlackTeam "Guatemala"]
[WhiteTeamCountry "KUW"]
[BlackTeamCountry "GUA"]
[TimeControl "40/5400+30:1800+30"]

1. e4 c5 2. Nf3 e6 3. c3 Nf6 4. e5 Nd5 5. g3 Nc6 6. Bg2 d6 7. exd6 Bxd6 8. O-O O-O 9. d4 h6 10. c4 Nf6 11. Nc3 a6 12. b3 Qc7 13. Bb2 Rd8 14. Ne2 cxd4 15. Nfxd4 Nxd4 16. Bxd4 Bc5 17. Be5 Qb6 18. Qe1 Be7 19. Rd1 Bd7 20. Bc3 Bc6 21. Rxd8+ Bxd8 22. Bxc6 Qxc6 23. Nd4 Qe4 24. Qxe4 Nxe4 25. Bb2 Bf6 26. Re1 Ng5 27. h4 Bxd4 0-1

[Event "45th FIDE Olympiad 2024"]
[Site "Budapest"]
[Date "2024.09.12"]
[Round "2.247"]
[White "Galvez Dastin, Eduardo"]
[Black "Alsaqer, Meshal"]
[Result "1-0"]
[ECO "D31"]
[WhiteElo "2100"]
[BlackElo "1815"]
[Annotator "NA"]
[PlyCount "81"]
[EventDate "2024.09.05"]
[EventType "team-tourn"]
[EventCountry "HUN"]
[SourceTitle "playchess.com"]
[Source "ChessBase"]
[SourceQuality "1"]
[WhiteTeam "Guatemala"]
[BlackTeam "Kuwait"]
[WhiteTeamCountry "GUA"]
[BlackTeamCountry "KUW"]
[TimeControl "40/5400+30:1800+30"]

1. d4 d5 2. c4 e6 3. cxd5 exd5 4. Nc3 c6 5. h3 Bd6 6. Nf3 Bf5 7. g4 Bg6 8. Qb3 Qb6 9. Qxb6 axb6 10. Bg2 h6 11. O-O Nf6 12. Nh4 Bh7 13. f4 O-O 14. g5 hxg5 15. fxg5 Ne4 16. Nxe4 Bxe4 17. Bxe4 dxe4 18. Nf5 Rd8 19. Bf4 Bf8 20. Bc7 Rd5 21. e3 Nd7 22. h4 c5 23. dxc5 Bxc5 24. Rad1 Rd3 25. a3 Nf8 26. Rxd3 exd3 27. b4 Ne6 28. bxc5 Nxc7 29. Ne7+ Kf8 30. cxb6 Ne6 31. Ng6+ Ke8 32. Ne5 Rxa3 33. Nxf7 Ke7 34. Ne5 Rc3 35. Rd1 Nc5 36. h5 Ke6 37. h6 gxh6 38. gxh6 Ra3 39. h7 Ra8 40. Ng6 Kd5 41. Ne7+ 1-0

[Event "45th FIDE Olympiad 2024"]
[Site "Budapest"]
[Date "2024.09.12"]
[Round "2.248"]
[White "Alabdaljader, Mohammed"]
[Black "Aragon Trujillo, Ricardo M."]
[Result "1-0"]
[ECO "C41"]
[WhiteElo "1677"]
[BlackElo "2057"]
[Annotator "NA"]
[PlyCount "49"]
[EventDate "2024.09.05"]
[EventType "team-tourn"]
[EventCountry "HUN"]
[SourceTitle "playchess.com"]
[Source "ChessBase"]
[SourceQuality "1"]
[WhiteTeam "Kuwait"]
[BlackTeam "Guatemala"]
[WhiteTeamCountry "KUW"]
[BlackTeamCountry "GUA"]
[TimeControl "40/5400+30:1800+30"]

1. e4 e5 2. Nf3 d6 3. d4 Qe7 4. Nc3 c6 5. Be3 Nf6 6. Qd3 Nbd7 7. O-O-O g6 8. h3 b5 9. d5 b4 10. dxc6 bxc3 11. cxd7+ Bxd7 12. Qxc3 Nxe4 13. Qb4 Nf6 14. Bg5 h6 15. Qb7 Rd8 16. Bxf6 Qxf6 17. Bb5 Be7 18. Bxd7+ Rxd7 19. Qb8+ Bd8 20. Qb5 Qe6 21. Nxe5 dxe5 22. Rxd7 a6 23. Rxd8+ Kxd8 24. Qb8+ Qc8 25. Rd1+ 1-0

[Event "45th FIDE Olympiad 2024"]
[Site "Budapest"]
[Date "2024.09.12"]
[Round "2.249"]
[White "Prudente, Elmer"]
[Black "Pace, Colin"]
[Result "0-1"]
[ECO "B34"]
[WhiteElo "1949"]
[BlackElo "2186"]
[Annotator "ChessBase"]
[PlyCount "38"]
[EventDate "2024.09.05"]
[EventType "team-tourn"]
[EventCountry "HUN"]
[SourceTitle "playchess.com"]
[Source "ChessBase"]
[SourceQuality "1"]
[WhiteTeam "Guam"]
[BlackTeam "Malta"]
[WhiteTeamCountry "GMA"]
[BlackTeamCountry "MLT"]
[TimeControl "40/5400+30:1800+30"]

1. e4 c5 2. Nf3 Nc6 3. d4 cxd4 4. Nxd4 g6 5. Be3 Nf6 6. Nc3 Bg7 7. Nxc6 bxc6 8. e5 Ng8 9. f4 Nh6 10. Bc4 O-O 11. Ne4 d5 12. exd6 exd6 13. Qxd6 Qe8 14. Qb4 Ng4 15. Ke2 c5 16. Qxc5 Qxe4 17. Bd5 Ba6+ 18. c4 Bxc4+ 19. Bxc4 Qxg2+ 0-1

[Event "45th FIDE Olympiad 2024"]
[Site "Budapest"]
[Date "2024.09.12"]
[Round "2.250"]
[White "Darmanin, Jake"]
[Black "Tran, Tuan An"]
[Result "1/2-1/2"]
[ECO "C01"]
[WhiteElo "2119"]
[BlackElo "1916"]
[Annotator "NA"]
[PlyCount "92"]
[EventDate "2024.09.05"]
[EventType "team-tourn"]
[EventCountry "HUN"]
[SourceTitle "playchess.com"]
[Source "ChessBase"]
[SourceQuality "1"]
[WhiteTeam "Malta"]
[BlackTeam "Guam"]
[WhiteTeamCountry "MLT"]
[BlackTeamCountry "GMA"]
[TimeControl "40/5400+30:1800+30"]

1. e4 e6 2. d4 d5 3. Nc3 Bb4 4. exd5 exd5 5. Bd3 Nf6 6. Nge2 c6 7. O-O O-O 8. Bg5 Nbd7 9. Ng3 h6 10. Bf4 Re8 11. h3 Nf8 12. Qf3 Bd6 13. Nce2 Ne4 14. Nxe4 dxe4 15. Bxe4 Bxf4 16. Nxf4 Qxd4 17. Rae1 Ne6 18. c3 Qf6 19. Nxe6 Qxf3 20. Bxf3 Bxe6 21. b3 a5 22. Re3 a4 23. Rfe1 Kf8 24. c4 axb3 25. axb3 Red8 26. h4 g5 27. hxg5 hxg5 28. Kh2 Ra2 29. R1e2 Rdd2 30. Kg3 Rxe2 31. Bxe2 Kg7 32. f4 gxf4+ 33. Kxf4 Kf6 34. g4 Rd2 35. g5+ Ke7 36. Bd3 Rf2+ 37. Kg3 Rd2 38. g6 fxg6 39. Bxg6 Kf6 40. Be4 Rb2 41. Kf4 b5 42. Bxc6 bxc4 43. bxc4 Bxc4 44. Rc3 Rb4 45. Ke3 Rb3 46. Rxb3 Bxb3 1/2-1/2

[Event "45th FIDE Olympiad 2024"]
[Site "Budapest"]
[Date "2024.09.12"]
[Round "2.251"]
[White "Mafnas, Peter"]
[Black "Mizzi, Jack"]
[Result "0-1"]
[ECO "A21"]
[WhiteElo "1886"]
[BlackElo "2053"]
[Annotator "NA"]
[PlyCount "56"]
[EventDate "2024.09.05"]
[EventType "team-tourn"]
[EventCountry "HUN"]
[SourceTitle "playchess.com"]
[Source "ChessBase"]
[SourceQuality "1"]
[WhiteTeam "Guam"]
[BlackTeam "Malta"]
[WhiteTeamCountry "GMA"]
[BlackTeamCountry "MLT"]
[TimeControl "40/5400+30:1800+30"]

1. c4 e5 2. Nc3 d6 3. g3 f5 4. Bg2 Nf6 5. d3 Be7 6. e3 O-O 7. Nge2 c6 8. O-O Be6 9. b3 Nbd7 10. d4 Rc8 11. d5 Bf7 12. dxc6 bxc6 13. Ba3 Nb6 14. Rc1 d5 15. c5 Bg6 16. Qd2 Nbd7 17. Na4 Ne4 18. Qe1 Bg5 19. f4 Bh6 20. Bb4 Qe7 21. Nec3 Ndf6 22. Nxe4 Nxe4 23. Nc3 Nf6 24. Qe2 Qb7 25. Ba5 Rce8 26. Qd3 Qe7 27. Rfe1 exf4 28. exf4 Qxc5+ 0-1